 Dungeon Crawl Stone Soup version 0.31-a0-18-gea43df2a32 (webtiles) character file.

Game seed: 1454964025070616407

937 ders the Geomancer (level 8, -4/41 HPs)
             Began as a Gargoyle Earth Elementalist on May 9, 2023.
             Was an Initiate of Vehumet.
             Slain by a scorpion (5 damage)
             ... on level 5 of the Dungeon on May 10, 2023.
             The game lasted 00:07:01 (3856 turns).

ders the Geomancer (Gargoyle Earth Elementalist)    Turns: 3856, Time: 00:07:01

Health: -4/41      AC:  7    Str: 12    XL:     8   Next: 12%
Magic:  14/17      EV: 11    Int: 26    God:    Vehumet [......]
Gold:   234        SH:  5    Dex: 10    Spells: 18/19 levels left

rFire   + . .        q - +6 war axe "Ecomp" {flame, rElec rF+ Will+ Int+2}
rCold   . . .        (no shield)
rNeg    + . .        a - +0 robe
rPois   ∞            (no helmet)
rElec   +            (no cloak)
rCorr   .            (no gloves)
SInv    .            (no boots)
Will    ++...        h - amulet of reflection
Stlth   ++           c - +6 ring of intelligence
HPRegen 0.26/turn    s - ring of willpower
MPRegen 0.15/turn

%: reflection
@: hasted, very quick
A: sickness immunity, AC +5, negative energy resistance 1, electricity
resistance, torment resistance 1, petrification resistance
a: Renounce Religion


You were on level 5 of the Dungeon.
You worshipped Vehumet.
Vehumet was noncommittal.
You visited 2 branches of the dungeon, and saw 6 of its levels.

You collected 234 gold pieces.

Inventory:

Hand Weapons
 q - the +6 war axe "Ecomp" (weapon) {flame, rElec rF+ Will+ Int+2}
   (You found it on level 3 of the Dungeon)

   Int:       It affects your intelligence (+2).
   rF:        It protects you from fire.
   rElec:     It insulates you from electricity.
   Will:      It increases your willpower.
Armour
 a - a +0 robe (worn)
 n - a +0 pair of gloves
 o - a +0 crystal plate armour
Jewellery
 c - a +6 ring of intelligence (left hand)
 h - an amulet of reflection (around neck)
 s - a ring of willpower (right hand)
Scrolls
 e - 3 scrolls of blinking {unknown}
 g - 5 scrolls of teleportation {unknown}
 i - a scroll of vulnerability {unknown}
 j - 2 scrolls of fear {unknown}
 p - 3 scrolls of identify {unknown}
 r - a scroll of silence {unknown}
 t - a scroll of magic mapping {unknown}
 u - 2 scrolls of butterflies {unknown}
Potions
 b - a potion of degeneration
 d - a potion of flight
 f - a potion of brilliance
 k - a potion of heal wounds {unknown}
 l - a potion of lignification {unknown}
 m - a potion of haste


   Skills:
 - Level 1.5 Dodging
 - Level 2.1 Stealth
 + Level 6.1 Spellcasting
 - Level 0.7 Transmutations
 + Level 8.5 Earth Magic


You had 18 spell levels left.
You knew the following spells:

 Your Spells              Type           Power      Damage    Failure   Level
a - Sandblast             Erth           100%       2d20      1%          1

Your spell library contained the following spells:

 Spells                   Type           Power      Damage    Failure   Level
 Passwall                 Tmut/Erth      26%        N/A       1%          2
 Stone Arrow              Conj/Erth      60%        3d10      3%          3
 Sting                    Tmut/Pois      36%        1d4       6%          1
 Poisonous Vapours        Pois/Air       16%        N/A       11%         2
 Petrify                  Tmut/Erth      32%        N/A       11%         4
 Ozocubu's Armour         Ice            8%         N/A       21%         3
 Olgreb's Toxic Radiance  Pois           8%         N/A       56%         4
 Metabolic Englaciation   Hex/Ice        4%         N/A       88%         5
 Simulacrum               Ice/Necr       4%         N/A       100%        6


Dungeon Overview and Level Annotations

Branches:
Dungeon (5/15)             Temple (1/1) D:4

Altars:
Cheibriados
Elyvilon
Fedhas
Hepliaklqana
Kikubaaqudgha
Qazlal
Ru
Sif Muna
Uskayaw
Vehumet
Wu Jian
Xom
Yredelemnul
Zin

Annotations:
D:5 Ijyb


Innate Abilities, Weirdness & Mutations

You are immune to sickness and miasma.
Your stone body is resilient. (AC +5)
You are immune to poison.
You resist negative energy. (rN+)
You are resistant to electric shocks. (rElec)
You are resistant to unholy torment.
You are immune to petrification.


Message History

a +0 whip; a gnoll corpse You start resting.
A scorpion comes into view.
Casting: Sandblast (safe; 1% risk of failure)
Confirm with . or Enter, or press ? or * to list all spells.
You don't know that spell.
Casting: Sandblast (safe; 1% risk of failure)
Confirm with . or Enter, or press ? or * to list all spells.
Aiming: Sandblast (safe; 1% risk of failure)
Press: ? - help, Shift-Dir - straight line, f - Ijyb
Aim: Ijyb, wielding a +0 dagger, wearing a +0 scale mail and carrying a wand of iceblast (8) (84% to hit)
The blast of sand hits Ijyb!
Ijyb is moderately wounded.
Ijyb zaps a wand.
The mass of ice explodes!
The iceblast engulfs you!
You hear a shout!
Unknown command.
Casting: Sandblast (safe; 1% risk of failure)
Confirm with . or Enter, or press ? or * to list all spells.
Aiming: Sandblast (safe; 1% risk of failure)
Press: ? - help, Shift-Dir - straight line, f/p - Ijyb
Aim: Ijyb, wielding a +0 dagger, wearing a +0 scale mail and carrying a wand of iceblast (7) (moderately wounded, 84% to hit)
The blast of sand hits Ijyb!
Ijyb is severely wounded.
Ijyb zaps a wand.
The mass of ice explodes!
The iceblast engulfs you!!
* * * LOW HITPOINT WARNING * * *
Unknown command.
Okay, then.
It was a potion of haste.
You feel yourself speed up.
You hit Ijyb. You burn Ijyb.
Ijyb is almost dead.
Ijyb closely misses you.
You closely miss Ijyb.
Ijyb is almost dead.
You closely miss the scorpion. You block the scorpion's attack.
Ijyb hits you with a +0 dagger.
* * * LOW HITPOINT WARNING * * *
You hit Ijyb but do no damage.
Ijyb is almost dead.
You hit the scorpion but do no damage. The scorpion stings you.
You die...

## .##... <# ..#.# .
###.#.# )#. #.
#...#.####### ...
#.####.#..............
#......#..........^g.#
#.###....#......###...##
#...........[.sg#~~...~~
######....#.....@#†..♣.†~
................)).).....
######....#..[..†..♣._.♣.
# #....#......?....... #
#....#......#~).♣..~ #
#....#####(.#~~... #
###### ##.###...# # #..
..## ### ###


You could see Ijyb and a scorpion.

Vanquished Creatures
  Sigmund (D:4)
  A black bear (D:5)
  A centaur (D:4)
  A phantom (D:4)
  A bullfrog (D:4)
  A howler monkey (D:5)
  An orc priest (D:4)
  3 hounds (D:4)
  2 sleepcaps
  3 orc wizards
  4 gnolls (D:5)
  8 adders
  An ufetubus (D:4)
  5 worms
  4 dart slugs
  7 orcs
  7 ball pythons
  4 endoplasms
  3 giant cockroaches
  5 goblins
  6 hobgoblins
  5 jackals
  4 kobolds
  A quokka (D:1)
  2 bats (D:1)
  2 frilled lizards
  2 rats (D:2)
  A spectral goblin (D:3)
86 creatures vanquished.

Vanquished Creatures (others)
  A giant cockroach (D:3)
  A quokka (D:5)
2 creatures vanquished.

Grand Total: 88 creatures vanquished

Notes
Turn   | Place    | Note
-------+----------+-------------------------------------------
     0 | D:1      | ders the Gargoyle Earth Elementalist began the quest for
                  | the Orb.
     0 | D:1      | Reached XP level 1. HP: 10/10 MP: 3/3
   648 | D:2      | Reached skill level 4 in Earth Magic
   648 | D:2      | Reached XP level 2. HP: 15/15 MP: 3/5
   913 | D:2      | Reached XP level 3. HP: 19/19 MP: 4/7
  1684 | D:3      | Found a stormy altar of Qazlal.
  1688 | D:3      | Reached XP level 4. HP: 24/24 MP: 5/8
  1871 | D:3      | Reached skill level 5 in Earth Magic
  1955 | D:3      | Found a faded altar of an unknown god.
  2114 | D:3      | Identified the +6 war axe "Ecomp" {flame, rElec rF+ Will+
                  | Int+2}
  2141 | D:3      | Reached XP level 5. HP: 28/28 MP: 7/10
  2266 | D:4      | Noticed Sigmund
  2330 | D:4      | HP: 1/28 [sleepcap (1)]
  2481 | D:4      | Found a faded altar of an unknown god.
  2481 | D:4      | Found a faded altar of an unknown god.
  2481 | D:4      | Found a hazy altar of Hepliaklqana.
  2571 | D:4      | Reached skill level 6 in Earth Magic
  2579 | D:4      | Reached XP level 6. HP: 9/32 MP: 10/12
  3074 | D:4      | Reached skill level 7 in Earth Magic
  3074 | D:4      | Reached XP level 7. HP: 35/36 MP: 10/14
  3130 | D:4      | Reached skill level 5 in Spellcasting
  3215 | D:4      | Found a staircase to the Ecumenical Temple.
  3341 | D:4      | Killed Sigmund
  3342 | D:4      | Reached skill level 8 in Earth Magic
  3372 | Temple   | Entered the Ecumenical Temple
  3572 | Temple   | Became a worshipper of Vehumet
  3657 | D:5      | Entered Level 5 of the Dungeon
  3716 | D:5      | Reached XP level 8. HP: 41/41 MP: 14/16
  3796 | D:5      | Identified the +2 scale mail "Ufavak" {+Blink rF+ rC+}
  3797 | D:5      | Found a white marble altar of Elyvilon.
  3802 | D:5      | Noticed Ijyb
  3852 | D:5      | HP: 1/41 [Ijyb/iceblast (18)]
  3856 | D:5      | Slain by a scorpion

Illustrated notes

Levels and vault maps discovered:
D:1:      ncdulo_halloftheorcs, layout_basic
D:2:      layout_loops_ring
D:3:      layout_rooms, grunt_qazlal_clouds,
          dreamdust_ecumenical_altar_drowned_temple, kennysheep_potato
D:4:      layout_basic, nicolae_hepliaklqana_ecumenical_no_more,
          minmay_temple_entry_mini_moons, minmay_divided_ellipse, uniq_sigmund
D:5:      kennysheep_steamy, layout_basic, elyvilon_altar_4,
          mainiacjoe_overflow_catwalk, uniq_ijyb, uniq_edmund,
          uniq_crazy_yiuf_cottage, uniq_blork_the_orc
Temple:   grunt_temple_mini_profane

Skill      XL: |  1  2  3  4  5  6  7  8 |
---------------+-------------------------+-----
Earth Magic    | 4 5 6 7 8 |  8.5
Spellcasting   | 3 4 5 6 |  6.1
Dodging        | |  1.5
Stealth        | |  2.1
Transmutations | |  0.7

Action                     |  1- 3 |  4- 6 |  7- 9 || total
---------------------------+-------+-------+-------++-------
  Melee: Unarmed           |     1 |       |       ||     1
         War axe           |       |    17 |     7 ||    24
   Cast: Sandblast         |    36 |    61 |    30 ||   127
    Use: Potion            |     1 |     5 |     1 ||     7
 Armour: Robe              |     3 |    44 |    10 ||    57
  Dodge: Dodged            |     8 |    53 |    17 ||    78
  Block: Other             |       |     8 |     3 ||    11

Table legend: (Time is in decaauts)
 A = Elapsed time spent in this place.
 B = Non-inter-level travel time spent in this place.
 C = Inter-level travel time spent in this place.
 D = Time resting spent in this place.
 E = Time spent auto-exploring this place.
 F = Levels seen in this place.
 G = Mean time per level.
                   A        B        C        D        E       F      G
               +--------+--------+--------+--------+--------+-----+--------+
         Total |   3932 |   3764 |    168 |    326 |   2933 |   6 |  655.3 |
       Dungeon |   3703 |   3583 |    120 |    326 |   2760 |   5 |  740.6 |
        Temple |    228 |    180 |     48 |      0 |    173 |   1 |  228.0 |
               +--------+--------+--------+--------+--------+-----+--------+

Top non-repeatable levels by time:
     D:4: 1076 daAuts
     D:2: 946 daAuts
     D:3: 841 daAuts
     D:1: 634 daAuts
  Temple: 228 daAuts
     D:5: 204 daAuts
